[Event "*** Titled Tuesday 3|2 Blitz (Early)"]
[Site "Chess.com"]
[Date "2016.11.01"]
[Round "6"]
[White "Aygehovit1992"]
[Black "LawrenceTrent"]
[Result "0-1"]
[WhiteElo "2435"]
[BlackElo "2534"]
[TimeControl "180+2"]
[EndTime "12:18:06 PDT"]
[Termination "LawrenceTrent won by resignation"]

1. e4 e5 2. Nf3 Nc6 3. Bb5 a6 4. Ba4 Nf6 5. Bxc6 dxc6 6. d3 Bd6 7. Nbd2 Nd7 8. Nc4 b5 9. Nxd6+ cxd6 10. d4 O-O 11.
O-O Qe7 12. Re1 f6 13. b3 Bb7 14. Ba3 c5 15. dxc5 dxc5 16. Nh4 g6 17. Qg4 Kh8 18. Rad1 Rf7 19. Rd3 Nf8 20. Red1 b4 21. Bc1 Re8 22. Rd6 Bc8 23. Qg3 Ne6 24. Be3 Nd4 25. R6xd4 cxd4 26. Bd2 a5 27. a3 bxa3 28. Bxa5 Qc5 29. b4 Qxc2 30. Rf1 Qxe4 31. Nf3 Bb7 32. Qh3 a2 33. b5 Qb1 34. Nd2 Qxf1+ 35. Nxf1 a1=Q 0-1

[Event "*** Titled Tuesday 3|2 Blitz (Early)"]
[Site "Chess.com"]
[Date "2016.11.01"]
[Round "6"]
[White "MFBerna"]
[Black "Mbneu"]
[Result "1-0"]
[WhiteElo "2189"]
[BlackElo "2130"]
[TimeControl "180+2"]
[EndTime "12:18:09 PDT"]
[Termination "MFBerna won by resignation"]

1. e4 e5 2. Nf3 Nc6 3. Bb5 Bc5 4.
O-O d6 5. c3 a6 6. Ba4 Ba7 7. d4 exd4 8. cxd4 Bg4 9. d5 b5 10.
dxc6 bxa4 11. h3 Bc8 12. Nc3 Ne7 13. Qxa4 O-O 14. Nd5 Rb8 15. Bg5 f6 16. Qc4 Kh8 17.
Be3 Bxe3 18. fxe3 Rxb2 19. Rab1 Nxd5 20. Qxd5 Rb5 21. Rxb5 axb5 22. Nd4 Re8 23. Nf3 Qe7 24. Rb1 Ba6 25. Nd4 Qxe4 26. Qxe4 Rxe4 27. a4 Rxe3 28. axb5 Bc8 29. Ra1 Kg8 30. Ra8 Re8 31. Ne6 Kf7 32.
Nxc7 Re1+ 33. Kf2 1-0

[Event "*** Titled Tuesday 3|2 Blitz (Early)"]
[Site "Chess.com"]
[Date "2016.11.01"]
[Round "6"]
[White "swayamsm"]
[Black "platy3"]
[Result "1-0"]
[WhiteElo "2657"]
[BlackElo "2687"]
[TimeControl "180+2"]
[EndTime "12:18:34 PDT"]
[Termination "swayamsm won by resignation"]

1. d4 Nf6 2. c4 e6 3. Nc3 Bb4 4. f3 c5 5. d5 O-O 6. e4 b5 7.
Nh3 bxc4 8. Bxc4 Nxd5 9. Bxd5 exd5 10. Qxd5 Nc6 11. O-O Bb7 12. Bg5 Qc7 13. Bf4 Qb6 14. Qh5 Nd4 15. Nd5 Bxd5 16. Qxd5 Qe6 17. Qxe6 dxe6 18.
Rfd1 Rfd8 19. Kf2 Ba5 20. Rac1 Bb6 21. Be3 Nc6 22. Rxd8+ Nxd8 23. Bxc5 Rc8 24. Bxb6 Rxc1 25. Bxd8 Rc2+ 26. Kg3 Rxb2 27. a3 Kf8 28. Nf4 Ra2 29. Ba5 g6 30. Bb4+ Ke8 31. e5 Kd7 32.
Nh3 h6 33. Nf2 a5 34. Bxa5 Rxa3 35. Bb4 Ra4 36. Bd6 Kc6 37. Ne4 Ra7 38. Nf6 Ra8 39.
Ng4 Rh8 40. Be7 Kd5 41. Bf6 Rh7 42. h4 Kd4 43. Kf4 Kd5 44. Ne3+ Kd4 45. Nc2+ Kc3 46. Ne3 Kd4 47. Ng4 Kd3 48. Nf2+ Kd4 49. Ne4 Kd5 50.
Ke3 Kc4 51. Nd6+ Kd5 52. Kd3 Kc5 53. Ke4 Kc6 54. Kd4 Kb6 55. Kc4 Kc6 56. Ne4 Kb6 57.
Nc5 Kc6 58. Kd4 Kc7 59. Kc3 Kb6 60. Nd7+ 1-0

[Event "*** Titled Tuesday 3|2 Blitz (Early)"]
[Site "Chess.com"]
[Date "2016.11.01"]
[Round "6"]
[White "Andrejkin"]
[Black "KyronGriffith"]
[Result "0-1"]
[WhiteElo "2144"]
[BlackElo "2330"]
[TimeControl "180+2"]
[EndTime "12:18:54 PDT"]
[Termination "KyronGriffith won by resignation"]

1. e4 c5 2. Nf3 d6 3. d4 cxd4 4. Nxd4 Nf6 5. Nc3 g6 6. f3 Bg7 7. Be3 O-O 8. Qd2 Nc6 9. O-O-O Bd7 10. g4 Nxd4 11. Bxd4 b5 12. Nd5 Nxd5 13. exd5 Bxd4 14. Qxd4 Qc7 15. h4 Rfc8 16. Bd3 Qc5 17. Qxc5 Rxc5 18. h5 Rxd5 19. hxg6 hxg6 20. Rh6 Kg7 21. Rdh1 Rg8 22. Be4 Rc5 23. b4 Rc4 24. Bd5 Rf4 25. a3 Kf6 26. Be4 Bxg4 27. R6h4 Rxe4 28. fxe4 Be6 29. Rh6 Ke5 30.
R1h4 g5 31. Rh1 Kxe4 32. Rg1 g4 33. Kd2 Kf3 34. Rhh1 g3 35. Rf1+ Kg4 36. Re1 g2 37. Rhg1 Kg3 38. Re3+ Kh2 39. Ree1 Rc8 40. c3 Rc4 41. Kd3 Rf4 42. Kd2 Rf2+ 43. Ke3 Ra2 44. Kd4 Rd2+ 45. Ke3 Rc2 46. Kd3 Ra2 47. Kd4 Bc4 0-1

[Event "*** Titled Tuesday 3|2 Blitz (Early)"]
[Site "Chess.com"]
[Date "2016.11.01"]
[Round "6"]
[White "Rating-Schmating"]
[Black "GM_dmitrij"]
[Result "0-1"]
[WhiteElo "2251"]
[BlackElo "2412"]
[TimeControl "180+2"]
[EndTime "12:18:58 PDT"]
[Termination "GM_dmitrij won by checkmate"]

1. e4 e5 2. Nf3 Nc6 3. d4 exd4 4. Nxd4 Nf6 5. Nxc6 bxc6 6. e5 Qe7 7. Qe2 Nd5 8. c4 Nb6 9. b3 g6 10. Bb2 Bg7 11.
Nd2 O-O 12. O-O-O f6 13. exf6 Bxf6 14. Qxe7 Bxe7 15. f3 d6 16. Bd3 Bf5 17. Bxf5 Rxf5 18. Rhe1 Rf7 19. Kc2 c5 20. Ne4 Nd7 21. Nc3 Bf6 22.
Nd5 Bxb2 23. Kxb2 Ne5 24. Kc2 Kf8 25. f4 Nc6 26. Kc3 a5 27. g3 Re8 28. Rxe8+ Kxe8 29.
Re1+ Kd7 30. a3 h6 31. h4 Nd4 32. Re3 c6 33. Nb6+ Kc7 34. Na4 Nf5 35. Re6 Nxg3 36. Rxg6 Ne2+ 37. Kd2 Nd4 38. Nc3 Rxf4 39. Rxh6 Nxb3+ 40. Ke3 Rxc4 41. Ne4 d5 42. Rh7+ Kb6 43. Nd6 Rc3+ 44.
Kf2 c4 45. h5 Kc5 46. Nf5 Nd4 47. Ne7 Rxa3 48. h6 Rh3 49. Kg2 Rh5 50. Rh8 c3 51. Ng6 c2 52. Nf4 Rg5+ 53. Kf2 Kc4 54. h7 c1=Q 55. Rf8 Qd2+ 56. Kf1 Qd1+ 57. Kf2 Qf3+ 58. Ke1 Rg1+ 59. Kd2 Qc3# 0-1

[Event "*** Titled Tuesday 3|2 Blitz (Early)"]
[Site "Chess.com"]
[Date "2016.11.01"]
[Round "6"]
[White "avto24"]
[Black "Peroncio"]
[Result "1-0"]
[WhiteElo "2336"]
[BlackElo "2497"]
[TimeControl "180+2"]
[EndTime "12:19:01 PDT"]
[Termination "avto24 won by checkmate"]

1. e4 c5 2. c3 Nf6 3. e5 Nd5 4. d4 cxd4 5. Nf3 e6 6. cxd4 d6 7.
Bc4 Nb6 8. Bd3 Nc6 9. Nc3 Be7 10.
O-O O-O 11. Qc2 g6 12. Qe2 dxe5 13. dxe5 Nd4 14. Nxd4 Qxd4 15. Rd1 Qh4 16. g3 Qh3 17. Be4 Nd7 18. f4 Bc5+ 19. Kh1 f6 20. Bg2 Qh5 21. Bf3 Qh6 22. f5 Qg7 23. exf6 Qxf6 24. fxe6 Ne5 25. Bd5 Bxe6 26. Bf4 Rae8 27. Ne4 Qe7 28. Bxe6+ Qxe6 29. Nxc5 Qc6+ 30. Ne4 Nd7 31. Rd4 Nf6 32. Re1 Re6 33.
Qc4 Nxe4 34. Qxc6 Nf2+ 35. Kg2 Rxe1 36. Qc4+ Kg7 37. Rd7+ Kf6 38. Qc3+ Ke6 39. Qxe1+ Kxd7 40. Qxf2 Rf7 41. Qxa7 Ke6 42. Qb6+ Kf5 43. Kf3 h5 44. h3 g5 45. g4+ hxg4+ 46. hxg4# 1-0

[Event "*** Titled Tuesday 3|2 Blitz (Early)"]
[Site "Chess.com"]
[Date "2016.11.01"]
[Round "6"]
[White "Jahonas"]
[Black "HovmoellerHest"]
[Result "1-0"]
[WhiteElo "2173"]
[BlackElo "2279"]
[TimeControl "180+2"]
[EndTime "12:19:03 PDT"]
[Termination "Jahonas won by resignation"]

1. c4 c5 2. Nf3 Nc6 3. g3 e5 4. d3 g6 5. Bg2 Bg7 6. O-O Nge7 7. Nc3 O-O 8. Be3 d6 9. Qc1 f5 10. Bh6 Be6 11. Bxg7 Kxg7 12. Ng5 Bg8 13. h4 h6 14. Nh3 Rc8 15. e3 b6 16. Qd2 d5 17. cxd5 Nxd5 18.
f4 Ndb4 19. Rad1 exf4 20. Nxf4 Ne5 21. d4 cxd4 22. exd4 Nc4 23. Qf2 Re8 24. Rfe1 Qd7 25. d5 Kh7 26. h5 g5 27. Ne6 Nd6 28. a3 Na6 29. g4 Bxe6 30. dxe6 Rxe6 31. Rxe6 Qxe6 32.
gxf5 Qf6 33. Nd5 Qf7 34. Re1 Re8 35. f6 Nc5 36. Qc2+ Nde4 37. Rxe4 Nxe4 38. Bxe4+ Kh8 39. Qd3 Re5 40. Qc4 g4 41. Qc8+ Re8 42. Qf5 Rg8 43. Kg2 g3 44. Ne7 Rg5 45. Ng6+ Kh7 46. Ne5+ Kg8 47.
Nxf7 Rxf5 48. Bxf5 Kxf7 49. Kxg3 Kxf6 50. Kf4 b5 51.
Bg6 a6 52. Ke4 a5 53. Kd4 b4 54. a4 1-0

[Event "*** Titled Tuesday 3|2 Blitz (Early)"]
[Site "Chess.com"]
[Date "2016.11.01"]
[Round "6"]
[White "SavelijTartakover"]
[Black "Anton_Demchenko"]
[Result "1-0"]
[WhiteElo "2488"]
[BlackElo "2607"]
[TimeControl "180+2"]
[EndTime "12:19:09 PDT"]
[Termination "SavelijTartakover won by resignation"]

1. d4 Nf6 2. c4 g6 3. Nc3 Bg7 4. e4 O-O 5. Nf3 d6 6. Be2 Nbd7 7. O-O e5 8. Qc2 c6 9. Rd1 exd4 10. Nxd4 Re8 11.
Bg5 a5 12. Qd2 a4 13. Rac1 Qa5 14. f3 Ne5 15. Bxf6 Bxf6 16. f4 Nd7 17. Nf3 Qc5+ 18.
Kh1 Bxc3 19. Rxc3 Nf6 20. Bd3 Bg4 21. Qe2 Nh5 22. Qd2 Bxf3 23. gxf3 a3 24. b3 Qd4 25. Bf1 Qxd2 26. Rxd2 Nxf4 27. Rxd6 c5 28. b4 cxb4 29. Rb3 Rad8 30. c5 Rxd6 31. cxd6 Re6 32. e5 Rxe5 33. Rxb4 g5 34. h4 Re1 35. Kg1 h6 36. hxg5 hxg5 37. Rb5 Ne6 38. Rxb7 Rd1 39. d7 Kf8 40. Ra7 Ke7 41.
Rxa3 Rxd7 42. Bc4 Nf4 43. Ra5 f6 44. Kf2 Rd4 45. Rc5 Kd6 46. Rc8 Kd7 47. Rc5 Rd2+ 48. Ke3 Rc2 49. Bb5+ 1-0

[Event "*** Titled Tuesday 3|2 Blitz (Early)"]
[Site "Chess.com"]
[Date "2016.11.01"]
[Round "6"]
[White "AlexanderL"]
[Black "Sanan_Sjugirov"]
[Result "1-0"]
[WhiteElo "2558"]
[BlackElo "2668"]
[TimeControl "180+2"]
[EndTime "12:19:11 PDT"]
[Termination "AlexanderL won by resignation"]

1. a3 e5 2. e3 d5 3. d4 e4 4. c4 c6 5. Nc3 Nf6 6. Qb3 a6 7. f3 Bd6 8. Bd2 O-O 9. c5 Bc7 10.
fxe4 Nxe4 11. Nxe4 dxe4 12. O-O-O Nd7 13. Ne2 b6 14. cxb6 Nxb6 15. Nc3 Be6 16. Qc2 f5 17. g4 Qh4 18. gxf5 Bxf5 19. Bg2 Rae8 20. Rdf1 g6 21.
Kb1 Nc4 22. Bc1 Nd6 23. Ne2 Bd7 24. Ng3 Qe7 25. Bd2 a5 26. d5 Nf5 27. dxc6 Be6 28. Nxf5 Bxf5 29. Bc3 Qe6 30. Bd4 Rb8 31. Rxf5 Rxf5 32.
Bxe4 Rf2 33. Qxf2 Qxe4+ 34. Ka2 Qd5+ 35. b3 Rxb3 36. Rf1 Rxe3+ 37. Kb1 Qe4+ 38. Kc1 Qxc6+ 39. Kd2 Rd3+ 40. Kxd3 Qb5+ 41. Kc2 Qc4+ 42. Kb2 1-0

[Event "*** Titled Tuesday 3|2 Blitz (Early)"]
[Site "Chess.com"]
[Date "2016.11.01"]
[Round "6"]
[White "josiwales"]
[Black "FearlessKing64"]
[Result "1-0"]
[WhiteElo "2204"]
[BlackElo "2159"]
[TimeControl "180+2"]
[EndTime "12:19:12 PDT"]
[Termination "josiwales won by resignation"]

1. e3 d5 2. d3 e5 3. Ne2 Be6 4.
g3 Qd7 5. Bg2 Bh3 6. Bxh3 Qxh3 7. Ng1 Qe6 8. Nc3 f5 9. e4 Bb4 10. Bd2 Bxc3 11. Bxc3 d4 12. Bd2 fxe4 13. dxe4 Nf6 14.
Qe2 Nbd7 15. Nf3 O-O-O 16. O-O h6 17. Bb4 c5 18. Ba3 Kb8 19. b4 c4 20. b5 Nb6 21.
Bb4 Rhe8 22. a4 d3 23. cxd3 cxd3 24. Qd1 Nxe4 25. Re1 Qc4 26. a5 Nd5 27. Nd2 Nxd2 28. Bxd2 e4 29. b6 a6 30. Qg4 Qd4 31. Rac1 Rf8 32.
Rf1 g5 33. Qe6 Rfe8 34. Qxh6 e3 35. fxe3 Nxe3 36. Bxe3 Qxe3+ 37. Kg2 d2 38. Rcd1 Qe4+ 39. Kg1 Qd4+ 40. Kg2 Re2+ 41. Kh3 Rh8 42. Rf8+ Re8 43. Rxe8+ Rxe8 44. Qxg5 Rh8+ 45. Kg2 Qe4+ 46. Kg1 Qe2 47. Rxd2 Qe1+ 48. Kg2 Re8 49. Rd8+ 1-0

[Event "*** Titled Tuesday 3|2 Blitz (Early)"]
[Site "Chess.com"]
[Date "2016.11.01"]
[Round "6"]
[White "superjem123"]
[Black "michaelk123"]
[Result "1-0"]
[WhiteElo "2456"]
[BlackElo "2154"]
[TimeControl "180+2"]
[EndTime "12:19:13 PDT"]
[Termination "superjem123 won by resignation"]

1. c4 c5 2. g3 g6 3. Bg2 Bg7 4. Nc3 Nc6 5. e3 d6 6. Nge2 Bf5 7. d4 Qd7 8. O-O Bh3 9. a3 Nf6 10. b4 Bxg2 11. Kxg2 cxb4 12. axb4 Nxb4 13. Qb3 Nc6 14. d5 Ne5 15. f4 Nd3 16. Na4 Nxc1 17. Rfxc1 Ne4 18.
Nb6 Qd8 19. Qa4+ Kf8 20. Nxa8 Qxa8 21. Qxa7 Qxa7 22. Rxa7 Bf6 23. Ra8+ Kg7 24. Rxh8 Kxh8 25. Nd4 h5 26. Kf3 Nc5 27. Rb1 Kg7 28. Nb3 Nd3 29. Na5 Nb2 30. Rc1 Nd3 31. Rd1 Nb2 32. Rc1 Nd3 33. Rf1 b6 34. Nb3 Nb2 35. Nd2 Bc3 36.
Ne4 Ba5 37. Rc1 Nd3 38. Rb1 f5 39. Nf2 Ne1+ 40. Ke2 Nc2 41. Nd3 Na3 42. Rc1 b5 43. c5 dxc5 44. Nxc5 Nc4 45. Ne6+ Kf6 46. Nd4 Nd6 47.
Rc5 Bb6 48. Rc6 Bxd4 49. exd4 h4 50. gxh4 Kg7 51. Rb6 Kf6 52. Kd3 Kg7 53. Kc3 Kh6 54.
Rb8 Kg7 55. Kb4 Kh6 56. Rh8+ Kg7 57. Rd8 Kf6 58. Rxd6+ exd6 59. Kxb5 1-0

[Event "*** Titled Tuesday 3|2 Blitz (Early)"]
[Site "Chess.com"]
[Date "2016.11.01"]
[Round "6"]
[White "Taabling"]
[Black "GianmarcoVaR"]
[Result "0-1"]
[WhiteElo "2215"]
[BlackElo "2424"]
[TimeControl "180+2"]
[EndTime "12:19:15 PDT"]
[Termination "GianmarcoVaR won by resignation"]

1. c4 e5 2. Nf3 Nc6 3. Nc3 Nf6 4. a3 h6 5. d4 e4 6. d5 exf3 7. dxc6 fxg2 8. cxd7+ Qxd7 9. Bxg2 Qxd1+ 10. Kxd1 Bc5 11. e3 Bg4+ 12. Ke1 O-O-O 13. Rg1 Rhe8 14. h3 Bf5 15. b4 Bd4 16. Bb2 Nd7 17. Rd1 Ne5 18. Kd2 Nxc4+ 19. Kc1 Bf6 20. Bd5 Nxb2 21. Kxb2 Rd7 22.
e4 Bxh3 23. f4 c6 24. Bb3 Rxd1 25. Rxd1 Bxc3+ 26. Kxc3 Rxe4 27. Bxf7 Rxf4 28. Bc4 Rf3+ 29. Kb2 Rf2+ 30. Kc3 Bf5 31. Re1 Kd8 32. a4 h5 33. Bf7 h4 34. Re8+ Kd7 35. Rh8 h3 36. a5 h2 37. a6 bxa6 38. Be8+ Kc7 39. Kd4 Be6 40. Ke3 Rb2 41. Rh7 Bd5 42. Rxg7+ Kb6 43. Bxc6 Bxc6 0-1

[Event "*** Titled Tuesday 3|2 Blitz (Early)"]
[Site "Chess.com"]
[Date "2016.11.01"]
[Round "6"]
[White "KestutisLabeckas"]
[Black "ulises2013"]
[Result "1/2-1/2"]
[WhiteElo "2458"]
[BlackElo "2274"]
[TimeControl "180+2"]
[EndTime "12:19:19 PDT"]
[Termination "Game drawn by repetition"]

1. d4 Nf6 2. Nf3 e6 3. e3 d5 4. Bd3 c5 5. b3 Nc6 6. Bb2 Bd6 7. O-O Qc7 8. a3 O-O 9. c4 Ne4 10. Nc3 Nxc3 11. Bxc3 cxd4 12. exd4 dxc4 13. bxc4 e5 14. c5 Be7 15. d5 Nd8 16. d6 Bxd6 17. cxd6 Qxc3 18.
Rc1 Qxa3 19. Nxe5 Be6 20. Rc7 Nc6 21. Nxc6 bxc6 22. Rxc6 a5 23. Qf3 Qb3 24. Rb1 Qd5 25.
Be4 Rab8 26. Rd1 Qg5 27. Qd3 a4 28. Bxh7+ Kh8 29. Be4 Rb3 30. Qd4 a3 31. d7 Rbb8 32. Rd6 Rfd8 33. Bd5 a2 34. Bxe6 fxe6 35. Rxe6 Rb1 36.
Re8+ Kh7 37. Qe4+ Qg6 38. Qh4+ Qh6 39. Qe4+ Qg6 40. Qh4+ Qh6 41. Qe4+ Qg6 42. Qh4+ Qh6 43. Qe4+ 1/2-1/2

[Event "*** Titled Tuesday 3|2 Blitz (Early)"]
[Site "Chess.com"]
[Date "2016.11.01"]
[Round "6"]
[White "ftorodent"]
[Black "Divertissement"]
[Result "1-0"]
[WhiteElo "2498"]
[BlackElo "2339"]
[TimeControl "180+2"]
[EndTime "12:19:25 PDT"]
[Termination "ftorodent won by resignation"]

1. d4 Nf6 2. c4 g6 3. g3 Bg7 4. Bg2 O-O 5. Nc3 d6 6. Nf3 Nc6 7. O-O Bf5 8. Nh4 Bd7 9. h3 e5 10. d5 Na5 11. b3 c5 12. e4 a6 13. Qd3 Rb8 14. Bd2 b5 15. Rac1 bxc4 16. bxc4 Ne8 17. Nf3 h6 18. Ne1 f5 19. Ne2 Nf6 20. Qa3 Nb7 21. exf5 Bxf5 22. Qxa6 Qe7 23. g4 Bc8 24. Qa7 Bxg4 25. hxg4 Nxg4 26. f3 Ra8 27. Qb6 Rxa2 28. Rc2 Rxc2 29. Nxc2 Nf6 30. Nc3 Nd8 31. Ne3 Nh5 32.
Ne4 Nf7 33. Ng4 Nf4 34. Re1 Qh4 35. Re3 Ng5 36. Nxg5 hxg5 37. Be1 Qh5 38. Qxd6 e4 39. Rxe4 Bd4+ 40. Rxd4 cxd4 41. Nf6+ Rxf6 42. Qxf6 d3 43. Bc3 Ne2+ 44. Kf1 Ng3+ 45. Kf2 Nf5 46. Qe6+ Kf8 47. Bb4+ Kg7 48. Qd7+ Kg8 49. Qe8+ Kh7 50. Qf7+ Ng7 51. Bc3 Qh4+ 52. Kf1 Qh6 53. Qxg7+ Qxg7 54. Bxg7 1-0

[Event "*** Titled Tuesday 3|2 Blitz (Early)"]
[Site "Chess.com"]
[Date "2016.11.01"]
[Round "6"]
[White "Paralinch"]
[Black "Evgeny_Levin"]
[Result "1/2-1/2"]
[WhiteElo "2662"]
[BlackElo "2693"]
[TimeControl "180+2"]
[EndTime "12:19:45 PDT"]
[Termination "Game drawn by repetition"]

1. e4 c5 2. Nf3 d6 3. d4 cxd4 4. Nxd4 Nf6 5. Nc3 a6 6. Be3 Ng4 7. Bc1 Nf6 8. Be2 g6 9. O-O Bg7 10.
Re1 O-O 11. Bf1 Nc6 12. Nb3 Be6 13. Bg5 Rc8 14. Nd5 Nd7 15. c3 Re8 16. Nf4 Bxb3 17.
axb3 h6 18. Bh4 g5 19. Nh5 Nf6 20. Nxg7 Kxg7 21. Bg3 Qb6 22. b4 Ne5 23. h3 Ng6 24.
Qd2 Nh5 25. Bh2 Nhf4 26. Qe3 Qxe3 27. Rxe3 Ne5 28. g3 Ne6 29. f4 Nc4 30. Re2 gxf4 31. gxf4 Rg8 32. Kf2 Kh7 33. Rc2 Rg7 34. Bd3 Nb6 35. Rg1 Rxg1 36. Kxg1 Nc4 37. Kf2 Kg7 38. Bg3 f6 39. Be2 a5 40. bxa5 Nxa5 41. Bg4 Kf7 42.
e5 dxe5 43. fxe5 fxe5 44. Re2 Nc6 45. Bxe5 Nxe5 46. Rxe5 Rc6 47. Rxe6 Rxe6 48. Bxe6+ Kxe6 49. c4 Kd6 50. b4 Ke5 51. Ke3 h5 52. h4 Kf5 53.
Kd3 Ke5 54. Ke3 Kf5 55. Kd3 Ke5 56. Ke3 Kf5 1/2-1/2

[Event "*** Titled Tuesday 3|2 Blitz (Early)"]
[Site "Chess.com"]
[Date "2016.11.01"]
[Round "6"]
[White "Wolverine_master"]
[Black "MateusViageiro"]
[Result "1-0"]
[WhiteElo "2074"]
[BlackElo "2269"]
[TimeControl "180+2"]
[EndTime "12:19:52 PDT"]
[Termination "Wolverine_master won by resignation"]

1. e4 c5 2. Nf3 d6 3. d4 cxd4 4.
Nxd4 Nf6 5. Nc3 a6 6. Bg5 e6 7. f4 Be7 8. Qf3 Nbd7 9. O-O-O Qc7 10. g4 b5 11. Bxf6 Nxf6 12. g5 Nd7 13. h4 b4 14.
Nce2 Nc5 15. f5 Bb7 16. Ng3 Qa5 17. Kb1 Rb8 18. fxe6 fxe6 19. Bc4 Rf8 20. Qh5+ Kd7 21. Qg4 Kc7 22. Nxe6+ Nxe6 23. Qxe6 Qe5 24. Qxe5 dxe5 25. Bd5 g6 26. Bxb7 Rxb7 27. Rhf1 Rf4 28. Rxf4 exf4 29. Ne2 f3 30. Nd4 f2 31. Rf1 Bc5 32.
Ne6+ Kd6 33. Nxc5 Kxc5 34. Rxf2 Re7 35. Re2 Kd4 36. Kc1 Ke5 37. Kd2 Kf4 38. Kd3 Kg3 39. Kc4 Kxh4 40. Kxb4 Kxg5 41. Kc5 Kf4 42. Kd5 Kf3 43.
Re1 g5 44. e5 g4 45. Kd6 Re8 46. e6 g3 47. c4 Kf2 48. Rd1 g2 49. e7 g1=Q 50.
Rxg1 Kxg1 51. Kd7 Rh8 52. e8=Q Rxe8 53. Kxe8 h5 54. c5 h4 55. c6 h3 56. c7 h2 57.
c8=Q h1=Q 58. Qc1+ Kh2 59. Qxh1+ Kxh1 60. Kd7 Kg2 61.
Kc6 Kf3 62. Kb6 Ke3 63. Kxa6 Kd3 64. b4 Kc4 65. Ka5 1-0

[Event "*** Titled Tuesday 3|2 Blitz (Early)"]
[Site "Chess.com"]
[Date "2016.11.01"]
[Round "6"]
[White "jk13"]
[Black "ChessWarrior7197"]
[Result "1-0"]
[WhiteElo "2489"]
[BlackElo "2486"]
[TimeControl "180+2"]
[EndTime "12:20:06 PDT"]
[Termination "jk13 won on time"]

1. d4 Nf6 2. Bf4 d5 3. e3 c5 4.
Nc3 Nc6 5. Nb5 Kd7 6. Bc7 Qe8 7.
Bg3 Qd8 8. Nc7 Rb8 9. dxc5 e6 10. Bb5 Bxc5 11. Nxe6 fxe6 12. Bxc6+ bxc6 13. Bxb8 Qa5+ 14. c3 Qb6 15. Qb3 Qa6 16. Nf3 Ne4 17. Be5 Rf8 18. Qc2 g5 19. h3 h5 20. a3 g4 21. hxg4 hxg4 22. O-O-O Ke8 23. Rdg1 Bxa3 24. bxa3 Qxa3+ 25. Qb2 Qxb2+ 26. Kxb2 gxf3 27. gxf3 Nxf2 28. Bd6 Rxf3 29. Rh7 Nd3+ 30. Kc2 Rf7 31. Rg8+ Kd7 32. Rxf7+ Kxd6 33. Kxd3 Ba6+ 34. Kd2 Bc4 35. Rxa7 e5 36. Rg6+ Kc5 37.
Re7 e4 38. Ree6 Bb5 39. Kc2 Ba4+ 40. Kb2 Bb5 41. Kb3 Bc4+ 42. Ka4 Bb5+ 43. Ka5 Kc4 44. Rxc6+ Bxc6 45. Rxc6+ Kd3 46. Kb4 Kxe3 47. Kc5 Kd3 48. Kxd5 e3 49. Re6 e2 50. c4 Kc3 51. c5 Kd2 52. c6 e1=N 53. Rxe1 Kxe1 54. c7 Ke2 55. c8=Q Ke3 56. Qc4 Kf3 57. Ke5 Kf2 58. Qd3 Kg2 59. Kf4 Kf2 60. Qd2+ Kf1 61. Kg3 1-0

[Event "*** Titled Tuesday 3|2 Blitz (Early)"]
[Site "Chess.com"]
[Date "2016.11.01"]
[Round "6"]
[White "petrpalachev"]
[Black "brightthunder"]
[Result "1/2-1/2"]
[WhiteElo "2426"]
[BlackElo "2557"]
[TimeControl "180+2"]
[EndTime "12:20:17 PDT"]
[Termination "Game drawn - insufficient material"]

1. d4 Nf6 2. c4 e6 3. Nf3 b6 4. g3 Bb7 5. Bg2 Be7 6. O-O O-O 7.
Re1 Na6 8. a3 c5 9. d5 exd5 10.
Nh4 Ne4 11. cxd5 Bxh4 12. Bxe4 Bf6 13. Qc2 g6 14. Nc3 d6 15. h4 Nc7 16. Bh6 Bg7 17.
Bg5 f6 18. Bf4 Qd7 19. Rad1 b5 20. h5 f5 21. Bf3 Rae8 22. hxg6 hxg6 23. Kg2 a5 24.
Rh1 b4 25. Nb1 Nb5 26. e3 Qe7 27. Bh6 Nc7 28. axb4 axb4 29. Nd2 g5 30. Bxg7 Kxg7 31. Nc4 Rf6 32. g4 Ref8 33. Rh5 Rh6 34. Rxh6 Kxh6 35.
gxf5 g4 36. Bxg4 Nxd5 37. Rh1+ Kg7 38. Rh7+ Kxh7 39. f6+ Kg8 40. fxe7 Nxe3+ 41. Kg3 Nxc2 42. exf8=Q+ Kxf8 43. Nxd6 Bd5 44. Bf3 Be6 45. Be4 Nd4 46. Kf4 Ke7 47. Ke5 Ne2 48. Nf5+ Kd7 49. Ne3 c4 50. f4 c3 51. bxc3 Nxc3 52. f5 Bg8 53. f6 b3 54. Bf5+ Kc6 55. Kd4 Nb5+ 56. Kd3 Nd6 57.
Kc3 Nxf5 58. Nxf5 Kd7 59. Nh6 Bd5 60. f7 Bxf7 61. Nxf7 b2 62. Kxb2 1/2-1/2

[Event "*** Titled Tuesday 3|2 Blitz (Early)"]
[Site "Chess.com"]
[Date "2016.11.01"]
[Round "6"]
[White "VMikhalevski"]
[Black "Salem-AR"]
[Result "0-1"]
[WhiteElo "2510"]
[BlackElo "2685"]
[TimeControl "180+2"]
[EndTime "12:20:18 PDT"]
[Termination "Salem-AR won on time"]

1. g3 g6 2. Bg2 Bg7 3. c4 c5 4. Nc3 Nc6 5. Nf3 d6 6. O-O e6 7. e3 Nge7 8. d4 O-O 9. Qd3 b6 10. Rd1 Bb7 11. b3 d5 12. cxd5 Nb4 13. Qd2 Nexd5 14.
Bb2 Rc8 15. a3 Nxc3 16. Bxc3 Nd5 17. Bb2 Qe7 18. dxc5 Qxc5 19. Bxg7 Kxg7 20. Rdc1 Qe7 21. Qd4+ Qf6 22. Ne5 Rfd8 23. Rxc8 Rxc8 24. Rf1 Nc3 25. Re1 Ba6 26. Bf1 Bxf1 27. Kxf1 Nb5 28. Qd7 Rc2 29. f4 Nc3 30. Ng4 Qf5 31. Qd4+ e5 32. Qxe5+ Qxe5 33. Nxe5 Rxh2 34. e4 Rb2 35. b4 Ra2 36. Re3 Rxa3 37.
Rd3 Ra1+ 38. Kg2 Nxe4 39. Rd7 a5 40. bxa5 bxa5 41. Rxf7+ Kg8 42. Ra7 Nf6 43. g4 Ra2+ 44.
Kf3 Ra3+ 45. Kf2 Nd5 46. Nd7 h5 47. gxh5 gxh5 48. f5 h4 49. f6 h3 50. Ra8+ Kf7 51.
Rf8+ Ke6 52. Nc5+ Kf5 53. f7 Ra2+ 54. Kg3 Ra3+ 55. Kf2 Ra2+ 56. Kg3 Rg2+ 57. Kh4 h2 0-1

[Event "*** Titled Tuesday 3|2 Blitz (Early)"]
[Site "Chess.com"]
[Date "2016.11.01"]
[Round "6"]
[White "Frolyanov_D"]
[Black "VSERGUEI"]
[Result "0-1"]
[WhiteElo "2449"]
[BlackElo "2589"]
[TimeControl "180+2"]
[EndTime "12:20:33 PDT"]
[Termination "VSERGUEI won by resignation"]

1. e4 e6 2. d4 d5 3. Nc3 Nf6 4. e5 Nfd7 5. f4 c5 6. Nf3 Nc6 7. Be3 Qb6 8. Na4 Qa5+ 9. c3 b6 10. Bd2 c4 11. b4 Qa6 12. a3 Be7 13. g3 f5 14. Bg2 O-O 15. O-O Qb7 16. Be3 a5 17. Nb2 b5 18. Qd2 Nb6 19. h3 Bd7 20. Kh2 axb4 21. axb4 Rxa1 22. Rxa1 Ra8 23. Qc1 Ra6 24.
Ne1 Qa8 25. Nc2 Be8 26. Bd2 Bh5 27. Rxa6 Qxa6 28. Qa1 Qxa1 29. Nxa1 Be2 30. Nc2 Bd3 31. Na3 Na7 32. Kg1 Be4 33. Bf1 Kf7 34. Kf2 h6 35. Be2 g5 36. Bh5+ Kf8 37. Kf1 Na8 38. Kf2 Nc7 39. Nd1 Nc8 40. Nb2 Nb6 41. Be2 Kg7 42. Kg1 Kg6 43. Kf2 gxf4 44. Bxf4 Bg5 45. Ke3 Be7 46. h4 Nd7 47. Nd1 Kg7 48. Nf2 Nb6 49. Kd2 Na4 50. Be3 Bg2 51. Bd1 Nb6 52. Bc2 Nd7 53. Bd1 Nf8 54. Be2 Ng6 55. h5 Nf8 56. g4 Be4 57. gxf5 exf5 58. Nh3 Nfe6 59. Nf4 Nxf4 60.
Bxf4 Bg5 61. Ke3 Bg2 62. Bf3 Bh3 63. Bh1 Bg4 64. Nc2 Bxh5 65. Bxg5 hxg5 66. Kf2 f4 67. e6 Kf6 0-1

[Event "*** Titled Tuesday 3|2 Blitz (Early)"]
[Site "Chess.com"]
[Date "2016.11.01"]
[Round "6"]
[White "Chopper1905"]
[Black "Matibar"]
[Result "0-1"]
[WhiteElo "2556"]
[BlackElo "2588"]
[TimeControl "180+2"]
[EndTime "12:20:41 PDT"]
[Termination "Matibar won by checkmate"]

1. d4 Nf6 2. c4 b6 3. Bf4 Bb7 4. e3 d5 5. Nc3 e6 6. Nf3 Bd6 7.
Bg3 O-O 8. Bd3 dxc4 9. Bxc4 Nbd7 10. O-O Qe7 11. Qe2 Bxg3 12. hxg3 e5 13. Ba6 Bxa6 14. Qxa6 e4 15. Nd2 c5 16. Rfe1 Rfe8 17. Qb7 Qe6 18. Ndxe4 Nxe4 19. Nxe4 Nf8 20. Ng5 Qf6 21. Nf3 Reb8 22.
Qe4 Re8 23. Qf4 Qe7 24. dxc5 Qxc5 25. Rac1 Qd5 26. b3 Ne6 27. Qc4 Qh5 28. Red1 Rad8 29.
Qa6 Rxd1+ 30. Rxd1 Ng5 31. Qb7 h6 32. Rd4 Ne6 33. Rd2 Qa5 34. Qc6 Rf8 35. Qc2 Qa6 36. g4 Rc8 37. Qd1 Qa3 38. Rc2 Rd8 39. Nd4 Nc5 40. Qf3 Rf8 41. Qd5 Qa6 42. Nf5 Ne6 43. Ne7+ Kh7 44. Qe4+ Kh8 45. Ng6+ fxg6 46. Qxe6 Qd3 47.
Qc4 Qd1+ 48. Kh2 Qe1 49. Kg3 Qa1 50. Qe4 Qf6 51. f4 g5 52. Rc6 gxf4+ 53. exf4 Qb2 54. Kh3 Qxa2 55. Rc3 Qb2 56. Rg3 Qc1 57. Kh2 Qxf4 58. Qe7 Rc8 59. g5 h5 60. Kh3 Qf5+ 61. Kh4 Qf4+ 62.
Kh3 Qf5+ 63. Kh4 g6 64. Qxa7 Re8 65. Qa1+ Kh7 66. Qa7+ Kg8 67. Rf3 Qg4# 0-1